 Dungeon Crawl Stone Soup version 0.20.0-15-g7f486f2 (webtiles) character file.

119 Vajorski the Skirmisher (level 4, -2/41 HPs)
             Began as a Minotaur Berserker on July 4, 2017.
             Was a Believer of Trog.
             Slain by a gnoll
             ... wielding a +0 halberd
              (6 damage)
             ... on level 3 of the Dungeon.
             The game lasted 00:05:05 (1728 turns).

Vajorski the Skirmisher (Minotaur Berserker)        Turns: 1728, Time: 00:05:05

Health: -2/41      AC:  2    Str: 21    XL:     4   Next: 73%
Magic:  3/3        EV: 13    Int:  4    God:    Trog [**....]
Gold:   94         SH:  0    Dex: 11    Spells: 3/3 levels left

rFire    . . .     SeeInvis .   a - +1 mace
rCold    . . .     Gourm    .   (no shield)
rNeg     . . .     Faith    .   b - +0 animal skin
rPois    .         Spirit   .   (helmet restricted)
rElec    .         Reflect  .   (no cloak)
rCorr    .         Harm     .   (no gloves)
MR       ++...                  (no boots)
Stlth    +.........             (no amulet)
Regen    1.2/turn               (no ring)
MPRegen  0.1/turn               (no ring)

@: berserk cooldown, regenerating, slowed, very slow
A: retaliatory headbutt, horns 2
a: Berserk, Trog's Hand, Burn Spellbooks, Renounce Religion


You were on level 3 of the Dungeon.
You worshipped Trog.
Trog was pleased with you.
You were near starving.

You visited 1 branch of the dungeon, and saw 3 of its levels.

You collected 94 gold pieces.

Inventory:

Hand Weapons
 a - a +1 mace (weapon)
Armour
 b - a +0 animal skin (worn)
Scrolls
 g - a scroll of remove curse
 m - a scroll of teleportation
Potions
 e - a potion of flight {unknown}
 h - a potion of might {unknown}
 k - a potion of cancellation {unknown}
 o - a potion of agility {unknown}
 q - a potion of lignification {unknown}
Comestibles
 c - 2 bread rations
 f - 2 royal jellies
 i - 2 meat rations


   Skills:
 + Level 4.7 Fighting
 + Level 4.5 Maces & Flails
 + Level 3.7 Armour
 + Level 3.0 Dodging


You had 3 spell levels left.
You didn't know any spells.

Dungeon Overview and Level Annotations

Branches:
Dungeon (3/15)

Altars:
Makhleb
Okawaru


Innate Abilities, Weirdness & Mutations

You reflexively headbutt those who attack you in melee.
You have a pair of horns on your head.


Message History

You feel yourself slow down.
You rip the net and break free!
The gnoll hits you.
The gnoll hits you from afar with a spear.
* * * LOW HITPOINT WARNING * * *
The gnoll closely misses you. The gnoll barely misses you.
You furiously retaliate!
You headbutt the gnoll, but do no damage.
The gnoll hits you but does no damage.
You closely miss the gnoll.
The gnoll hits you from afar with a halberd.
* * * LOW HITPOINT WARNING * * *
The gnoll barely misses you. x2; The gnoll misses you.
The gnoll barely misses you.
The gnoll hits you from afar with a spear.
* * * LOW HITPOINT WARNING * * *
Your skin crawls.
You feel resistant to hostile enchantments.
You are near starving!
The gnoll hits you from afar with a halberd.
You die...

## . .
########.
#).......
..$.....#
........#
#..g..gg#
#######g#
+.)....@#
#..)....#
#.......#
#########


You could see 3 gnolls.

Vanquished Creatures
  2 adders (D:2)
  5 gnolls (D:3)
  An ooze (D:1)
  2 worms (D:2)
  6 bats
  5 goblins
  7 hobgoblins
  5 jackals
  7 kobolds
  3 frilled lizards
  A rat (D:1)
44 creatures vanquished.

Notes
Turn   | Place    | Note
-------+----------+-------------------------------------------
     0 | D:1      | Vajorski the Minotaur Berserker began the quest for the Orb.
     0 | D:1      | Reached XP level 1. HP: 19/19 MP: 0/0
   258 | D:1      | Reached XP level 2. HP: 27/27 MP: 1/1
   932 | D:2      | Reached XP level 3. HP: 30/33 MP: 2/2
   955 | D:2      | Found an iron altar of Okawaru.
  1064 | D:2      | Found a burning altar of Makhleb.
  1165 | D:2      | Reached ** piety under Trog
  1626 | D:2      | Reached XP level 4. HP: 41/41 MP: 3/3
  1727 | D:3      | HP: 2/41 [gnoll/spear (1)]
  1728 | D:3      | Slain by a gnoll

Skill      XL: |  1  2  3  4 |
---------------+-------------+-----
Armour         | 3 |  3.7
Fighting       | 4 |  4.7
Maces & Flails | 4 |  4.5
Dodging        | 3 |  3.0

Action                   |  1- 3 |  4- 6 || total
-------------------------+-------+-------++-------
Melee: Mace              |    88 |    14 ||   102
       Headbutt          |    10 |     3 ||    13
Invok: Berserk           |       |     2 ||     2
       Trog's Hand       |       |     1 ||     1
  Use: Scroll            |       |     6 ||     6
  Eat: Chunk             |     2 |     1 ||     3
Armor: Animal skin       |    18 |       ||    18
Dodge: Dodged            |    65 |    18 ||    83
